 Dungeon Crawl Stone Soup version 0.29-a0-870-g2c972031a6 (webtiles) character file.

Game seed: 12368461633690745541

2304 Hasart the Shooter (level 8, -1/65 (67) HPs)
             Began as a Demigod Hunter on July 17, 2022.
             Slain by an orc
             ... wielding a +0 mace
              (2 damage)
             ... on level 6 of the Dungeon.
             The game lasted 00:12:08 (7343 turns).

Hasart the Shooter (Demigod Hunter)                 Turns: 7343, Time: 00:12:08

HP:   -1/65 (67)    AC:  5    Str: 16    XL:     8   Next: 97%
MP:   10/10         EV: 16    Int: 11    God:
Gold: 228           SH:  0    Dex: 27    Spells: 7/7 levels left

rFire   . . .      SeeInvis .   t - +6 short sword "Hiocoje" {venom, +Blink rElec rC+}
rCold   + . .      Faith    .   (no shield)
rNeg    . . .      Spirit   .   y - +1 robe {Will+}
rPois   +          Reflect  .   f - +0 helmet
rElec   +          Harm     .   (no cloak)
rCorr   +          Rampage  .   (no gloves)
Will    +....                   i - +0 pair of boots of Insatiable Hunger {rPois rCorr Str+4 Dex+2}
Stlth   ++++......              (no amulet)
HPRegen 0.20/turn               (no ring)
MPRegen 0.12/turn               (no ring)

@: lightly drained
A: high MP 1, forlorn, divine attributes
a: Evoke Blink


You were on level 6 of the Dungeon.
You visited 1 branch of the dungeon, and saw 7 of its levels.

You collected 437 gold pieces.
You spent 209 gold pieces at shops.

Inventory:

Hand Weapons
 a - a +1 shortbow
 t - the +6 short sword "Hiocoje" (weapon) {venom, +Blink rElec rC+}
   (You found it on level 4 of the Dungeon)

   It poisons the flesh of those it strikes.
   rC:        It protects you from cold.
   rElec:     It insulates you from electricity.
   +Blink:    It lets you blink.
Missiles
 w - 2 throwing nets
Armour
 c - a +0 leather armour
 f - a +0 helmet (worn)
 i - the +0 pair of boots of Insatiable Hunger (worn) {rPois rCorr Str+4 Dex+2}
   (You found it on level 2 of the Dungeon)

   Str:       It affects your strength (+4).
   Dex:       It affects your dexterity (+2).
   rPois:     It protects you from poison.
   rCorr:     It protects you from acid and corrosion.
 y - a +1 robe of willpower (worn)
Jewellery
 e - a ring of wizardry
Wands
 n - a wand of digging (10)
 v - a wand of mindburst (9)
Scrolls
 b - 2 scrolls of immolation
 j - 2 scrolls of brand weapon
 k - 3 scrolls of identify
 p - 2 scrolls of teleportation
 q - a scroll of amnesia
 A - a scroll of enchant armour {unknown}
Potions
 d - 3 potions of curing
 g - a potion of heal wounds {unknown}
 h - a potion of cancellation {unknown}
 l - 2 potions of degeneration {unknown}
 m - a potion of brilliance {unknown}
 o - 2 potions of resistance {unknown}
 r - a potion of lignification {unknown}
 s - a potion of ambrosia {unknown}
 u - 3 potions of flight {unknown}
 x - a potion of attraction {unknown}
 z - a potion of mutation {unknown}
 B - a potion of might {unknown}


   Skills:
 + Level 4.9 Fighting
 * Level 5.6 Short Blades
 + Level 6.3 Ranged Weapons
 + Level 4.9 Dodging
 + Level 5.0 Stealth


You had 7 spell levels left.
You didn't know any spells.
Your spell library contained the following spells:

 Spells                   Type           Power      Damage    Failure   Level
 Conjure Flame            Conj/Fire      0%         6-21      71%         3
 Gell's Gravitas          Tloc           0%         N/A       71%         3
 Ignite Poison            Fire/Tmut/Pois 0%         N/A       71%         3
 Lesser Beckoning         Tloc           0%         N/A       71%         3
 Teleport Other           Tloc           0%         N/A       71%         3
 Sticky Flame             Conj/Fire      0%         2d3       98%         4


Dungeon Overview and Level Annotations

Branches:
Dungeon (7/15)             Temple (0/1) D:4

Shops:
D:5 ?

Annotations:
D:3 2 transporters, HoaS's ghost, amateur TeHu
D:7 1 runed translucent door, Crazy Yiuf


Innate Abilities, Weirdness & Mutations

You have an increased reservoir of magic. (+10% MP)
You shall have no god before yourself.
Your divine heritage dramatically boosts your attributes as you level up.


Message History

The gnoll hits you with a +0 flail.
* * * LOW HITPOINT WARNING * * *
The gnoll barely misses you. The orc completely misses you.
You closely miss the gnoll.
The gnoll is heavily wounded.
You closely miss the gnoll.
The gnoll is heavily wounded.
The gnoll closely misses you. The gnoll hits you with a +0 flail.
* * * LOW HITPOINT WARNING * * *
The orc barely misses you.
You puncture the gnoll!
You kill the gnoll!
The gnoll misses you. The orc hits you with a +0 mace.
* * * LOW HITPOINT WARNING * * *
Unknown command.
You barely miss the gnoll. The gnoll closely misses you.
The orc hits you with a +0 mace.
* * * LOW HITPOINT WARNING * * *
Unknown command.
You hit the gnoll.
The gnoll is moderately wounded.
The gnoll completely misses you. The orc misses you.
Unknown command.
You hit the gnoll.
The gnoll is severely wounded.
The gnoll closely misses you. The orc hits you with a +0 mace.
* * * LOW HITPOINT WARNING * * *
Unknown command.
You hit the gnoll but do no damage.
The gnoll is poisoned.
The gnoll is severely wounded.
Unknown command.
You hit the orc.
The orc is poisoned.
The orc is lightly wounded.
The gnoll closely misses you. The orc hits you with a +0 mace.
* * * LOW HITPOINT WARNING * * *
Unknown command.
You puncture the gnoll!
You kill the gnoll!
The orc hits you with a +0 mace.
You die...

############ #..........#
#..........# #..........#######
####
#..............[.###########...
#............o@[......>).......
#............))...###...|....#.
######)########.........#######
#)##....>..#.#...)..###
#....#######.#........# #...##
#.###.#....#### ##...##
#..##.......... #.....#
##..###...#..## #.#.#.#
##.........###


You could see an orc (very poisoned).

Vanquished Creatures
  Prince Ribbit (D:5)
  Sigmund (D:3)
  A water moccasin (D:6)
  An ice beast (D:4)
  2 black bears
  An ogre (D:5)
  A centaur (D:5)
  A phantom (D:5)
  2 bullfrogs
  A necrophage (D:5)
  A gnoll sergeant (D:6)
  A scorpion (D:6)
  5 wights (D:7)
  2 hounds
  A gnoll bouda (D:6)
  An orc priest (D:7)
  3 jellies
  4 iguanas
  Terence (D:3)
  2 orc wizards
  Robin (D:2)
  14 gnolls
  7 adders
  3 shadow imps
  An ufetubus (D:6)
  2 worms
  A dart slug (D:4)
  15 orcs
  5 bats
  9 endoplasms
  2 giant cockroaches
  15 goblins
  15 hobgoblins
  8 jackals
  9 quokkas
  12 ball pythons
  3 frilled lizards
  8 kobolds
  8 rats
171 creatures vanquished.

Notes
Turn   | Place    | Note
-------+----------+-------------------------------------------
     0 | D:1      | Hasart the Demigod Hunter began the quest for the Orb.
     0 | D:1      | Reached XP level 1. HP: 17/17 MP: 3/3
    21 | D:1      | Reached skill level 1 in Stealth
   125 | D:1      | Reached XP level 2. HP: 24/24 MP: 4/4
   390 | D:1      | Reached skill level 4 in Ranged Weapons
   585 | D:1      | Reached XP level 3. HP: 29/29 MP: 5/5
   916 | D:2      | Identified the +0 pair of boots of Insatiable Hunger {rPois
                  | rCorr Str+4 Dex+2}
  1026 | D:2      | Noticed Robin
  1033 | D:2      | Killed Robin
  1046 | D:2      | Reached XP level 4. HP: 14/37 MP: 6/6
  1753 | D:3      | Noticed Sigmund
  2018 | D:3      | Noticed Terence
  2029 | D:3      | Killed Terence
  2030 | D:3      | Reached XP level 5. HP: 39/42 MP: 7/7
  2274 | D:3      | Found a transporter.
  2274 | D:3      | Noticed HoaS's ghost (amateur TeHu)
  2745 | D:3      | Found a transporter.
  2907 | D:4      | Found a staircase to the Ecumenical Temple.
  3016 | D:4      | Noticed an ice beast
  3152 | D:4      | Identified the +6 short sword "Hiocoje" {venom, +Blink
                  | rElec rC+}
  3514 | D:5      | Entered Level 5 of the Dungeon
  3528 | D:5      | Noticed a centaur
  3537 | D:5      | Killed a centaur
  3538 | D:5      | Reached skill level 1 in Short Blades
  3538 | D:5      | Reached skill level 5 in Ranged Weapons
  3637 | D:5      | Noticed an ogre
  3646 | D:5      | Killed an ogre
  3647 | D:5      | Reached XP level 6. HP: 13/51 MP: 8/8
  4140 | D:5      | Noticed Prince Ribbit
  4147 | D:5      | Killed Prince Ribbit
  4148 | D:5      | Reached XP level 7. HP: 38/57 MP: 9/9
  4563 | D:5      | Found Qipexoill's Magic Scroll Shoppe.
  4569 | D:5      | Bought 2 scrolls of brand weapon for 209 gold pieces
  5491 | D:6      | Reached XP level 8. HP: 60/66 MP: 10/10
  6326 | D:4      | Reached skill level 6 in Ranged Weapons
  6488 | D:3      | Killed Sigmund
  6489 | D:3      | Reached skill level 5 in Short Blades
  7020 | D:7      | Found a runed translucent door.
  7021 | D:7      | Noticed Crazy Yiuf
  7146 | D:6      | Reached skill level 5 in Stealth
  7342 | D:6      | HP: 1/65 [orc/+0 mace (3)]
  7343 | D:6      | Slain by an orc

Illustrated notes

Levels and vault maps discovered:
D:1:      mrwooster_arrival_arrow, layout_loops_ring,
          ebering_ecumenical_altar_sacrificial
D:2:      minmay_diamond_boxcup, layout_rooms, kennysheep_generic_room_11,
          uniq_robin
D:3:      layout_basic, gammafunk_ghost_stat_death, uniq_sigmund, uniq_terence
D:4:      layout_gridville, minmay_temple_entry_slanted
D:5:      layout_basic, serial_shops, shop, nicolae_figureground_sparkle,
          uniq_prince_ribbit1
D:6:      layout_rooms, kennysheep_small_square
D:7:      layout_basic, serial_shops, shop, uniq_crazy_yiuf_cottage

Skill      XL: |  1  2  3  4  5  6  7  8 |
---------------+-------------------------+-----
Stealth        | 1 2 3 4 5 |  5.0
Fighting       | 2 3 4 |  4.9
Dodging        | 2 3 4 |  4.9
Ranged Weapons | 4 5 6 |  6.3
Short Blades   | 1 2 4 5 |  5.6

Action                   |  1- 3 |  4- 6 |  7- 9 || total
-------------------------+-------+-------+-------++-------
Melee: Short sword       |       |    53 |   190 ||   243
       Punch             |       |     2 |     3 ||     5
 Fire: Shortbow          |   132 |   101 |       ||   233
Evoke: Wand              |       |       |     5 ||     5
  Use: Scroll            |       |     6 |     3 ||     9
 Stab: Sleeping          |       |     1 |     7 ||     8
       Distracted        |       |       |     1 ||     1
Armor: Leather armour    |    30 |    24 |    21 ||    75
       Robe              |       |       |     5 ||     5
Dodge: Dodged            |    50 |    74 |   141 ||   265

Table legend: (Time is in decaauts)
 A = Elapsed time spent in this place.
 B = Non-inter-level travel time spent in this place.
 C = Inter-level travel time spent in this place.
 D = Time resting spent in this place.
 E = Time spent auto-exploring this place.
 F = Levels seen in this place.
 G = Mean time per level.
                   A        B        C        D        E       F      G
               +--------+--------+--------+--------+--------+-----+--------+
         Total |   7409 |   6864 |    545 |   1158 |   4532 |   7 | 1058.4 |
       Dungeon |   7409 |   6864 |    545 |   1158 |   4532 |   7 | 1058.4 |
               +--------+--------+--------+--------+--------+-----+--------+

Top non-repeatable levels by time:
     D:5: 1321 daAuts
     D:6: 1286 daAuts
     D:4: 1276 daAuts
     D:3: 1198 daAuts
     D:2: 895 daAuts
     D:1: 886 daAuts
     D:7: 544 daAuts
